 Dungeon Crawl Stone Soup version 0.21.1-1-g345015fe64 (webtiles) character file.

5140 Kohma the Carver (level 10, -10/83 HPs)
             Began as a Demonspawn Berserker on June 20, 2018.
             Was a High Priest of Trog.
             Splashed by a crimson imp's acid (14 damage)
             ... on level 8 of the Dungeon.
             The game lasted 00:26:55 (9083 turns).

Kohma the Carver (Demonspawn Berserker)             Turns: 9083, Time: 00:26:56

Health: -10/83     AC:  6    Str: 25    XL:     10   Next: 33%
Magic:  3/3        EV: 10    Int:  9    God:    Trog [*****.]
Gold:   348        SH:  0    Dex: 13    Spells: 9/9 levels left

rFire    . . .     SeeInvis .   z - +2 great sword (antimagic)
rCold    . . .     Gourm    .   (shield currently unavailable)
rNeg     . . .     Faith    .   h - +1 scale mail
rPois    .         Spirit   .   (no helmet)
rElec    .         Reflect  .   q - +0 cloak
rCorr    .         Harm     .   (no gloves)
MR       .....                  (no boots)
Stlth    ..........             (no amulet)
HPRegen  0.23/turn              o - ring of flight
MPRegen  0.08/turn              (no ring)

@: mighty, corroded, berserk cooldown, slowed, very slow
A: talons 1, molten scales 1, powered by death 1, powered by pain 1
a: Berserk, Trog's Hand, Brothers in Arms, Burn Spellbooks, Renounce Religion,
Evoke Flight


You were on level 8 of the Dungeon.
You worshipped Trog.
Trog was extremely pleased with you.
You were hungry.

You visited 1 branch of the dungeon, and saw 8 of its levels.
You also visited: Sewer and Ossuary.

You collected 348 gold pieces.

Inventory:

Hand Weapons
 a - a +3 scimitar
 r - a +1 falchion
 s - a +0 whip of flaming
 u - a +2 vampiric whip
 z - a +2 antimagic great sword (weapon)
Missiles
 w - 7 javelins (quivered)
Armour
 h - a +1 scale mail (worn)
 q - a +0 cloak (worn)
 A - a +4 ring mail
Jewellery
 n - an uncursed amulet of guardian spirit
 o - a ring of flight (left hand)
 v - a cursed -5 ring of strength
Wands
 p - a wand of clouds (3)
 y - a wand of flame (65)
 B - a wand of iceblast (6)
 C - a wand of acid (8)
Scrolls
 d - 6 scrolls of teleportation
 e - 10 scrolls of remove curse
 i - 2 scrolls of enchant armour
 x - a scroll of identify
 D - a scroll of blinking
 E - a scroll of amnesia {unknown}
Potions
 b - a potion of ambrosia {unknown}
 f - 4 potions of might
 g - 5 potions of brilliance
 j - 6 potions of heal wounds {unknown}
 k - 3 potions of haste
 l - 5 potions of curing
 m - a potion of flight {unknown}
 t - a potion of lignification {unknown}
Comestibles
 c - 11 rations


   Skills:
 + Level 9.4 Fighting
 * Level 11.6 Long Blades
 - Level 1.7 Armour
 - Level 1.7 Dodging


You had 9 spell levels left.
You didn't know any spells.

Dungeon Overview and Level Annotations

Branches:
Dungeon (8/15)             Temple (0/1) D:7
   Lair: D:8-11

Altars:
Ashenzari
Cheibriados
Dithmenos
Okawaru
Trog
Vehumet
Wu Jian
Xom


Innate Abilities, Weirdness & Mutations

You have sharp toenails.
You are partially covered in molten scales. (AC +2)
You regenerate a little health from kills.
You sometimes gain a little power by taking damage.


Message History

You feel yourself slow down.
The crimson imp zaps a wand.
The bolt of acid hits you!
You are splashed with acid!
The acid burns!
* * * LOW HITPOINT WARNING * * *
You barely miss the crimson imp. Your kick misses the crimson imp.
The crimson imp hits you but does no damage. x2
You closely miss the crimson imp. The crimson imp closely misses you.
You barely miss the crimson imp. You claw the crimson imp.
The crimson imp is heavily wounded.
The crimson imp hits you but does no damage.
The crimson imp hits you.
* * * LOW HITPOINT WARNING * * *
You closely miss the crimson imp. You claw the crimson imp.
The crimson imp is severely wounded.
The crimson imp zaps a wand.
The bolt of acid misses you.
The crimson imp blinks!
Okay, then.
The crimson imp zaps a wand.
The bolt of acid hits you!
* * * LOW HITPOINT WARNING * * *
The acid corrodes you!
You are splashed with acid!
The acid burns!
You die...

# ###.##### ........#
###....@##############
#.......5))....((..#
#..%..############.#
#.)...# #.# #[##### #.#
#.# #.# #.# #####.#
#.###### #.....#
#.###......#######.....#


You could see a crimson imp.

Vanquished Creatures
  Erica (D:8)
  Pikel (D:5)
  Maurice (D:8)
  The ghost of Henning the Covered, an amateur MiFi (D:5)
  Prince Ribbit (D:8)
  Grinder (D:5)
  Menkaure (D:6)
  Edmund (D:5)
  A phantom (D:5)
  A necrophage (D:8)
  A sky beast (D:5)
  An orc warrior (D:8)
  2 slaves (D:5)
  2 centaurs
  2 bullfrogs
  3 big kobolds
  9 scorpions (Ossuary)
  2 killer bees (D:8)
  3 wights
  2 crimson imps
  A bullfrog zombie (D:8)
  2 centaur zombies
  2 hounds
  6 orc priests
  3 human zombies (Ossuary)
  2 jellies (D:6)
  A quasit (D:6)
  A centaur skeleton (D:6)
  4 orc wizards
  Ijyb (D:5)
  2 iguanas (D:4)
  4 worker ants
  3 big kobold zombies (Ossuary)
  A hound zombie (D:8)
  2 hound skeletons (D:5)
  4 mummies
  12 adders
  4 gnolls (D:6)
  4 scorpion zombies (Ossuary)
  An adder skeleton (D:7)
  3 dart slugs
  5 worms
  3 leopard geckos
  30 orcs
  3 bats (D:2)
  7 giant cockroaches
  3 gnoll zombies (Ossuary)
  2 goblins
  6 hobgoblins
  30 jackals
  4 quokkas
  5 ball pythons (Sewer)
  4 frilled lizards
  2 goblin zombies (Ossuary)
  2 hobgoblin zombies (Ossuary)
  29 kobolds
  2 kobold zombies (Ossuary)
  A leopard gecko skeleton (D:4)
  2 orc zombies (Ossuary)
  5 rats
  5 plants (Sewer)
250 creatures vanquished.

Vanquished Creatures (others)
  A scorpion (D:4)
  A hound (D:4)
  A hound skeleton (D:4)
  2 adders
  2 worms (D:4)
  An orc (D:4)
  A jackal (D:5)
  2 kobolds (D:8)
  A plant (Sewer)
12 creatures vanquished.

Grand Total: 262 creatures vanquished

Notes
Turn   | Place    | Note
-------+----------+-------------------------------------------
     0 | D:1      | Kohma the Demonspawn Berserker began the quest for the Orb.
     0 | D:1      | Reached XP level 1. HP: 18/18 MP: 1/1
   136 | D:1      | Reached skill level 3 in Long Blades
   212 | D:1      | Gained mutation: You sometimes gain a little power by taking damage. [demonic ancestry]
   212 | D:1      | Reached XP level 2. HP: 23/24 MP: 2/2
   621 | D:2      | Reached XP level 3. HP: 24/29 MP: 3/3
   647 | D:2      | Reached ** piety under Trog
   713 | D:2      | Found a radiant altar of Vehumet.
  1227 | D:2      | Reached skill level 4 in Long Blades
  1227 | D:2      | Gained mutation: You have sharp toenails. [demonic ancestry]
  1227 | D:2      | Reached XP level 4. HP: 24/37 MP: 4/4
  1660 | D:3      | Found a glowing drain.
  1677 | Sewer    | Entered a sewer
  2999 | D:3      | Reached *** piety under Trog
  2999 | D:3      | Reached XP level 5. HP: 41/42 MP: 5/5
  3631 | D:4      | Reached skill level 5 in Long Blades
  3667 | D:4      | Reached XP level 6. HP: 29/49 MP: 6/6
  3902 | D:4      | Found a shattered altar of Ashenzari.
  4277 | D:4      | Found a shimmering altar of Xom.
  4622 | D:5      | Entered Level 5 of the Dungeon
  4715 | D:5      | Noticed Henning's ghost (amateur MiFi)
  4733 | D:5      | Killed Henning's ghost
  4733 | D:5      | Reached **** piety under Trog
  4733 | D:5      | Reached skill level 5 in Fighting
  4733 | D:5      | Reached skill level 6 in Long Blades
  4733 | D:5      | Gained mutation: You regenerate a little health from kills. [demonic ancestry]
  4733 | D:5      | Reached XP level 7. HP: 28/56 MP: 7/7
  4938 | D:5      | Noticed Ijyb
  4947 | D:5      | Killed Ijyb
  5106 | D:5      | Noticed Grinder
  5112 | D:5      | Killed Grinder
  5112 | D:5      | Reached skill level 7 in Long Blades
  5149 | D:5      | Noticed Edmund
  5150 | D:5      | Noticed Pikel
  5167 | D:5      | Killed Edmund
  5180 | D:5      | Killed Pikel
  5180 | D:5      | Reached skill level 8 in Long Blades
  5180 | D:5      | Reached XP level 8. HP: 42/65 MP: 8/8
  5838 | D:6      | Reached skill level 9 in Long Blades
  6157 | D:6      | Noticed Menkaure
  6370 | D:6      | Gained mutation: You are partially covered in molten scales. (AC +2) [demonic ancestry]
  6370 | D:6      | Reached XP level 9. HP: 52/72 MP: 9/9
  6372 | D:6      | Killed Menkaure
  7140 | D:7      | Found a sand-covered staircase.
  7145 | Ossuary  | Entered an ossuary
  7210 | Ossuary  | Reached ***** piety under Trog
  7210 | Ossuary  | Reached skill level 10 in Long Blades
  7723 | D:7      | Found a snail-covered altar of Cheibriados.
  7754 | D:7      | Found a bloodstained altar of Trog.
  8052 | D:7      | Found an iron altar of Okawaru.
  8121 | D:7      | Found a staircase to the Ecumenical Temple.
  8302 | D:7      | Found an ornate altar of the Wu Jian Council.
  8306 | D:7      | Found a shadowy altar of Dithmenos.
  8392 | D:8      | Received a gift from Trog
  8418 | D:8      | Noticed Maurice
  8438 | D:8      | Killed Maurice
  8438 | D:8      | Reached skill level 11 in Long Blades
  8438 | D:8      | Reached XP level 10. HP: 28/82 MP: 3/10
  8621 | D:8      | Noticed Prince Ribbit
  8637 | D:8      | Killed Prince Ribbit
  9033 | D:8      | Noticed Erica
  9069 | D:8      | Killed Erica
  9083 | D:8      | HP: 4/83 [crimson imp/wand of acid (8) (5)]
  9083 | D:8      | Splashed by a crimson imp's acid

Skill      XL: |  1  2  3  4  5  6  7  8  9 10 |
---------------+-------------------------------+-----
Long Blades    | 3 4 5 6 8 9 11 | 11.6
Fighting       | 4 5 6 7 8 9 |  9.4
Armour         | |  1.7
Dodging        | |  1.7

Action                   |  1- 3 |  4- 6 |  7- 9 | 10-12 || total
-------------------------+-------+-------+-------+-------++-------
Melee: Falchion          |   122 |   348 |    88 |       ||   558
       Kick              |       |   128 |   125 |    23 ||   276
       Scimitar          |       |       |   247 |       ||   247
       Great sword       |       |       |    15 |    62 ||    77
Invok: Berserk           |     1 |     2 |     4 |     1 ||     8
       Burn Spellbooks   |       |       |     1 |       ||     1
  Use: Scroll            |       |    10 |     4 |       ||    14
  Eat: Chunk             |     2 |     9 |     3 |       ||    14
       Ration            |       |     2 |     4 |       ||     6
Armor: Animal skin       |     7 |       |       |       ||     7
       Scale mail        |    40 |    82 |   153 |    27 ||   302
Dodge: Dodged            |    89 |   121 |   170 |    24 ||   404
       Rpst.: Falchion   |    22 |    39 |     7 |       ||    68
       Scimitar          |       |       |    38 |       ||    38
       Great sword       |       |       |       |     7 ||     7
